 Dungeon Crawl Stone Soup version 0.28.0-62-gf88900778d (webtiles) character file.

Game seed: 7461401883940849321

2368 cbfl8 the Chopper (level 9, -1/64 (66) HPs)
             Began as a Demonspawn Fighter on July 5, 2023.
             Was an Initiate of Okawaru.
             Slain by a wight
             ... wielding a +4 halberd
              (6 damage)
             ... on level 7 of the Dungeon.
             The game lasted 00:08:50 (7500 turns).

cbfl8 the Chopper (Demonspawn Fighter)              Turns: 7500, Time: 00:08:51

HP:   -1/64 (66)    AC: 14    Str: 19    XL:     9   Next: 21%
MP:   13/13         EV: 10    Int:  9    God:    Okawaru [......]
Gold: 167           SH:  6    Dex: 21    Spells: 8/8 levels left

rFire   . . .      SeeInvis .   a - +0 war axe (freeze)
rCold   + . .      Faith    .   c - +0 buckler
rNeg    . . .      Spirit   .   b - +0 scale mail
rPois   +          Reflect  .   (no helmet)
rElec   .          Harm     .   d - +2 cloak of Wozohulla {rC+}
rCorr   .          Rampage  .   t - +0 pair of gloves
Will    .....                   (no boots)
Stlth   +.........              v - amulet of magic regeneration
HPRegen 0.20/turn               f - +6 ring of dexterity
MPRegen 0.66/turn               l - ring of poison resistance

@: lightly drained
A: thin metallic scales 2, magic regeneration, weakness stinger 2
a: Renounce Religion


You were on level 7 of the Dungeon.
You worshipped Okawaru.
Okawaru was noncommittal.
You visited 2 branches of the dungeon, and saw 8 of its levels.

You collected 376 gold pieces.
You spent 209 gold pieces at shops.

Inventory:

Hand Weapons
 a - a +0 war axe of freezing (weapon)
Missiles
 n - 116 stones (quivered)
Armour
 b - a +0 scale mail (worn)
 c - a +0 buckler (worn)
 d - the +2 cloak of Wozohulla (worn) {rC+}
   (You bought it in a shop on level 4 of the Dungeon)

   rC:        It protects you from cold.
 t - a +0 pair of gloves (worn)
Jewellery
 f - a +6 ring of dexterity (left hand)
 g - a ring of protection from cold
 l - a ring of poison resistance (right hand)
 p - a ring of protection from fire
 v - an amulet of magic regeneration (around neck)
Wands
 w - a wand of iceblast (8)
Scrolls
 i - 2 scrolls of enchant weapon
Potions
 k - a potion of mutation {unknown}
 r - 2 potions of degeneration {unknown}
 x - a potion of berserk rage {unknown}


   Skills:
 + Level 4.3 Fighting
 + Level 6.0 Axes
 * Level 4.1 Throwing
 + Level 4.9 Armour
 + Level 2.2 Dodging
 + Level 0.4 Stealth
 + Level 3.7 Shields
 * Level 5.9 Invocations
 * Level 4.4 Evocations


You had 8 spell levels left.
You didn't know any spells.
Your spell library contained the following spells:

 Spells                   Type           Power      Damage    Failure   Level
 Freeze                   Ice            0%         1d3       83%         1
 Corpse Rot               Necr/Air       0%         N/A       92%         2
 Poisonous Vapours        Pois/Air       0%         N/A       92%         2
 Frozen Ramparts          Ice            0%         1d2       99%         3
 Fulminant Prism          Conj/Hex       0%         3d6       100%        4
 Hailstorm                Conj/Ice       0%         3d3       100%        4
 Iskenderun's Mystic Bla  Conj/Tloc      0%         2d3       100%        4
 Lee's Rapid Deconstruct  Erth           0%         3d5*      100%        5
 Summon Forest            Summ/Tloc      Unusable   N/A       N/A         5
 Summon Mana Viper        Hex/Summ       Unusable   N/A       N/A         5
 Summon Cactus Giant      Summ           Unusable   N/A       N/A         6

Dungeon Overview and Level Annotations

Branches:
Dungeon (6/15)             Temple (1/1) D:6

Altars:
Ashenzari
Cheibriados
Dithmenos
Elyvilon
Gozag
Hepliaklqana
Makhleb
Okawaru
Qazlal
Ru
Sif Muna
Uskayaw
Vehumet
Wu Jian
Xom
Yredelemnul
The Shining One

Shops:
D:4 [


Innate Abilities, Weirdness & Mutations

You are mostly covered in thin metallic scales. (AC +3)
You regenerate magic rapidly.
You have a tail ending in a sharp stinger.


Message History

As you read the scroll of teleportation, it crumbles to dust.
You feel strangely unstable. You block the orc's attack.
Found a stone staircase leading down.
The howler monkey hoots and howls with incredible vigour!
You hear a bark!
Your surroundings suddenly seem different. 5 wights, an orc wizard and 2 orcs come into view.
The orc shouts!
The orc wizard shouts!
The orc shouts!
You hear a shout!
The wight hits you with a +4 long sword.
The wight hits you with a +4 halberd!
An orc priest comes into view. It is wielding a +0 short sword.
As you read the scroll of fear, it crumbles to dust.
You assume a fearsome visage.
The wight is unaffected. x5
The orc looks frightened!
The orc wizard looks frightened!
The orc looks frightened!
The orc priest looks frightened!
You block the wight's attack.
The wight hits you with a +4 long sword.
The wight hits you from afar with a +0 halberd!
* * * LOW HITPOINT WARNING * * *
You block the wight's attack.
The orc wizard mumbles some strange words.
The orc wizard flickers and vanishes!
Deactivating autopickup; reactivate with Ctrl-A.
The wight closely misses you.
You feel better. The wight barely misses you.
The wight hits you with a +4 halberd!
* * * LOW HITPOINT WARNING * * *
The wight closely misses you.
The wight hits you from afar with a +0 halberd.
* * * LOW HITPOINT WARNING * * *
You feel drained. The wight hits you but does no damage.
You feel better. The wight hits you but does no damage.
The wight hits you with a +4 long sword!
* * * LOW HITPOINT WARNING * * *
You feel drained.
* * * LOW HITPOINT WARNING * * *
The wight closely misses you. The wight barely misses you.
You block the wight's attack.
The wight hits you from afar with a +4 halberd.
You die...

*,,,** *,* *#.,*
***,,***,* #.o**
**,,,*,* #####.#####
***,,,* #........o#
**,,** #.........#
**,,,,* #..z......#
**,,**,* #....z....#
***,,***,*##..z......#
,,,,** *,*#...zz@....#
***,****.............#
**,,,,,.##....#######
**,,,,,,,#..##.*
,,,,,**,...#*#.*
*,,****,..#**#.*
,,***,,,..,,*#.********
<***,,*,,,,,*,,,,,,,,,*
,,,,,***,,,,,,*,,,,,,,*


You could see 5 wights, an orc priest and an orc (fleeing).

Vanquished Creatures
  A steam dragon (D:4)
  An orc warrior (D:6)
  2 black bears (D:6)
  2 ice beasts (D:6)
  An ogre (D:6)
  4 necrophages
  3 centaurs (D:5)
  2 phantoms
  2 bullfrogs
  2 scorpions
  A howler monkey (D:6)
  A centaur zombie (D:7)
  A jelly (D:5)
  2 orc priests
  2 bullfrog skeletons
  A hound (D:5)
  A centaur skeleton (D:5)
  A gnoll shaman (D:5)
  Terence (D:3)
  2 iguanas (D:5)
  4 orc wizards
  7 gnolls
  6 adders
  An ufetubus (D:4)
  3 worms
  6 dart slugs
  18 orcs
  3 ball pythons
  3 endoplasms
  A giant cockroach (D:4)
  3 goblins
  6 hobgoblins
  3 jackals (D:3)
  4 kobolds
  2 quokkas (D:1)
  4 bats
  2 frilled lizards (D:2)
  2 rats
111 creatures vanquished.

Notes
Turn   | Place    | Note
-------+----------+-------------------------------------------
     0 | D:1      | cbfl8 the Demonspawn Fighter began the quest for the Orb.
     0 | D:1      | Reached XP level 1. HP: 18/18 MP: 1/1
   234 | D:1      | Reached skill level 1 in Invocations
   339 | D:1      | Gained mutation: You have a small tail. [demonic ancestry]
   339 | D:1      | Reached XP level 2. HP: 24/24 MP: 2/2
  1054 | D:1      | Reached skill level 2 in Axes
  1054 | D:1      | Reached skill level 1 in Throwing
  1054 | D:1      | Gained mutation: You regenerate magic rapidly. [demonic
                  | ancestry]
  1054 | D:1      | Reached XP level 3. HP: 27/29 MP: 4/4
  1102 | D:2      | Reached skill level 1 in Evocations
  1364 | D:2      | Reached XP level 4. HP: 35/35 MP: 5/5
  1548 | D:2      | Found a faded altar of an unknown god.
  2008 | D:3      | Found a sacrificial altar of Ru.
  2112 | D:3      | Noticed Terence
  2131 | D:3      | Killed Terence
  2507 | D:3      | Gained mutation: You are partially covered in thin metallic
                  | scales. (AC +2) [demonic ancestry]
  2507 | D:3      | Reached XP level 5. HP: 39/41 MP: 6/6
  2849 | D:4      | Noticed a necrophage
  2856 | D:4      | Killed a necrophage
  2857 | D:4      | Reached skill level 3 in Axes
  2857 | D:4      | Gained mutation: You are mostly covered in thin metallic
                  | scales. (AC +3) [demonic ancestry]
  2857 | D:4      | Reached XP level 6. HP: 41/47 MP: 6/8
  3443 | D:4      | Noticed a steam dragon
  3452 | D:4      | Killed a steam dragon
  3634 | D:4      | Found Pyifel's Antique Armour Emporium.
  3809 | D:4      | Bought a jewelled cloak for 209 gold pieces
  3809 | D:4      | Identified the +2 cloak of Wozohulla {rC+} (You bought it
                  | in a shop on level 4 of the Dungeon)
  3828 | D:5      | Entered Level 5 of the Dungeon
  3855 | D:4      | Gained mutation: You have a tail ending in a sharp stinger.
                  | [demonic ancestry]
  3855 | D:4      | Reached XP level 7. HP: 42/52 MP: 9/9
  4001 | D:4      | Reached skill level 1 in Dodging
  4523 | D:5      | Reached skill level 4 in Axes
  5029 | D:5      | Found a hazy altar of Hepliaklqana.
  5102 | D:5      | Reached XP level 8. HP: 60/60 MP: 11/11
  5723 | D:5      | Found a basalt altar of Yredelemnul.
  5725 | D:5      | Noticed a profane servitor
  5871 | D:5      | Reached skill level 5 in Axes
  5943 | D:5      | Noticed an angel
  6403 | D:6      | Reached skill level 5 in Invocations
  6457 | D:6      | HP: 1/60 [orc warrior/+0 flail (12)]
  7054 | D:6      | Reached XP level 9. HP: 65/65 MP: 13/13
  7069 | D:6      | Found a staircase to the Ecumenical Temple.
  7078 | Temple   | Entered the Ecumenical Temple
  7108 | Temple   | Became a worshipper of Warmaster Okawaru
  7172 | D:6      | Found a shadowy altar of Dithmenos.
  7426 | D:6      | You fall into a shaft and drop 1 floor!
  7460 | D:7      | Reached skill level 6 in Axes
  7500 | D:7      | Slain by a wight

Illustrated notes

Levels and vault maps discovered:
D:1:      dpeg_arrival_round_c, layout_rooms
D:2:      layout_basic, basic_ecumenical_altar
D:3:      layout_basic, nicolae_ru_path_of_blood, kennysheep_generic_room_7,
          uniq_terence
D:4:      layout_cave_pools, serial_shops, kennysheep_mini_moat
D:5:      layout_layer_cave, grunt_temple_overflow_holy_war,
          nicolae_overflow_crystal_walls, grunt_tough_drop
D:6:      layout_cave_pools, gammafunk_temple_overflow_elements, temple_hall,
          kennysheep_generic_room_16
D:7:      layout_rooms, zin_academy, gammafunk_temple_overflow_statue,
          minmay_crossroads, uniq_menkaure
Temple:   minmay_temple_bridge_abc

Skill      XL: |  1  2  3  4  5  6  7  8  9 |
---------------+----------------------------+-----
Invocations    | 1 2 3 4 5 |  5.9
Axes           | 2 3 4 5 6 |  6.0
Throwing       | 1 2 3 4 |  4.1
Evocations     | 1 2 3 4 |  4.4
Armour         | 3 4 |  4.9
Shields        | 3 |  3.7
Dodging        | 1 2 |  2.2
Fighting       | 4 |  4.3
Stealth        | |  0.4

Action                   |  1- 3 |  4- 6 |  7- 9 || total
-------------------------+-------+-------+-------++-------
Melee: War axe           |    45 |   133 |   221 ||   399
       Tailslap          |     4 |    17 |    37 ||    58
Throw: Stone             |       |     2 |       ||     2
  Use: Potion            |       |     2 |     8 ||    10
       Scroll            |       |       |    15 ||    15
Armor: Scale mail        |    19 |    88 |   169 ||   276
Dodge: Dodged            |    22 |    82 |   117 ||   221
Block: Buckler           |    16 |    44 |    90 ||   150
